 Dungeon Crawl Stone Soup version 0.24-a0-201-gf205589 (webtiles) character file.

Game seed: 18154439272392038088

1227 Ivan the Skirmisher (level 8, -2/70 HPs)
             Began as a Demonspawn Abyssal Knight on Mar 23, 2019.
             Was an Elder of Lugonu.
             Slain by a wight
             ... wielding a +0 halberd
              (9 damage)
             ... on level 6 of the Dungeon.
             The game lasted 00:17:44 (4894 turns).

Ivan the Skirmisher (Demonspawn Abyssal Knight)     Turns: 4894, Time: 00:17:47

Health: -2/70      AC: 10    Str: 16      XL:     8   Next: 23%
Magic:  10/10      EV: 11    Int: 13      God:    Lugonu [****..]
Gold:   198        SH:  0    Dex:  9 (12) Spells: 7/7 levels left

rFire    . . .     SeeInvis .   a - +1 mace
rCold    + . .     Gourm    .   (no shield)
rNeg     . . .     Faith    .   e - +0 ring mail
rPois    .         Spirit   .   (helmet restricted)
rElec    .         Reflect  .   p - +0 cloak
rCorr    .         Harm     .   n - +0 pair of gloves
MR       ++...     Clarity  +   (no boots)
Stlth    ..........             (no amulet)
HPRegen  0.21/turn              h - ring of protection from magic
MPRegen  0.12/turn              (no ring)

@: lightly drained
A: horns 2, yellow scales 1, clarity, cold resistance 1, demonic guardian 1,
magic resistance 1, robust 1
a: Depart the Abyss, Bend Space, Banish, Corrupt, Renounce Religion


You were on level 6 of the Dungeon.
You worshipped Lugonu.
Lugonu was greatly pleased with you.
You were very hungry.

You visited 1 branch of the dungeon, and saw 6 of its levels.
You visited the Abyss 1 time.
You also visited: Sewer.

You collected 198 gold pieces.

Inventory:

Hand Weapons
 a - a +1 mace (weapon)
Armour
 e - a +0 ring mail (worn)
 n - a +0 pair of gloves (worn)
 p - a +0 cloak (worn)
Jewellery
 h - a ring of protection from magic (left hand)
Wands
 l - a wand of flame (17)
 q - a wand of random effects (19)
Scrolls
 b - a scroll of fear
 d - 4 scrolls of teleportation
 f - a scroll of fog {unknown}
 g - 2 scrolls of remove curse
 k - 4 scrolls of identify {unknown}
 m - a scroll of enchant armour {unknown}
 o - a scroll of random uselessness {unknown}
 r - 6 scrolls of magic mapping
 v - a scroll of enchant weapon {unknown}
Potions
 i - a potion of magic {unknown}
 j - 4 potions of heal wounds
 s - 3 potions of brilliance {unknown}
 t - a potion of curing {unknown}
 u - 2 potions of agility
 w - 2 potions of might {unknown}
 x - a potion of ambrosia {unknown}
 z - a potion of invisibility {unknown}
Comestibles
 c - 9 rations


   Skills:
 * Level 5.7(5.5) Fighting
 + Level 5.5(5.4) Maces & Flails
 + Level 4.6(4.4) Armour
 * Level 3.5(3.3) Dodging
 - Level 0.2(0.1) Stealth
 * Level 3.1(3.0) Invocations


You had 7 spell levels left.
You didn't know any spells.
Your spell library contained the following spells:

 Spells                   Type           Power        Failure   Level  Hunger
 Beastly Appendage        Tmut           #.....       50%         1    ##.....
 Magic Dart               Conj           #...         50%         1    ##.....
 Blink                    Tloc           N/A          63%         2    ###....
 Call Imp                 Summ           #.......     63%         2    ###....
 Slow                     Hex            #.......     63%         2    ###....
 Sticks to Snakes         Tmut           #.......     63%         2    ###....
 Conjure Flame            Conj/Fire      #.......     86%         3    ####...
 Mephitic Cloud           Conj/Pois/Air  #.......     86%         3    ####...
 Spider Form              Tmut/Pois      #.........   86%         3    ####...
 Ice Form                 Ice/Tmut       #.......     99%         4    #####..
 Blade Hands              Tmut           #.........   100%        5    ######.


Dungeon Overview and Level Annotations

Branches:
Dungeon (6/15)
 Temple: D:4-7

Altars:
Nemelex Xobeh
Okawaru
Qazlal
Ru
Sif Muna

Shops:
D:4 }


Innate Abilities, Weirdness & Mutations

You have a pair of horns on your head.
You are partially covered in yellow scales. (AC +2)
A weak demonic guardian rushes to your aid.
You possess an exceptional clarity of mind.
Your flesh is cold resistant. (rC+)
You are resistant to hostile enchantments. (MR+)
You are robust. (+10% HP)


Message History

The orc priest mumbles some strange prayers to Beogh against you.
Beogh smites you!
Your iron imp disappears in a puff of smoke!
You see here 2 emerald potions.
The orc curses repeatedly.
The wight hits you but does no damage. The wight barely misses you.
You hit the wight but do no damage.
The wight is heavily damaged.
The orc priest mumbles some strange prayers to Beogh against you.
Beogh smites you!
* * * LOW HITPOINT WARNING * * *
The wight barely misses you.
You hit the wight. Your headbutt misses the wight.
The wight is severely damaged.
The orc priest calls down the wrath of Beogh upon you.
Beogh smites you!
* * * LOW HITPOINT WARNING * * *
The wight hits you with a +0 halberd!
You die...

........#(#..#.#.....#
#.#
.......oZ.#..#.......#
#.#
.......o###..###.....#
#.###### ####.##oz....#
#.....# #..<.... ..
##z##### #######
#.#..##. . #z# #.#.###.
#)# ##### #.#.###.
#5######...######.......
#ooozzz@5#.......##.####
########!...####.##.#
##.....##.##.#
##.#.......# .####.####
# #.# ..# ###


You could see 3 wights, an orc priest, a crimson imp, 2 orcs and a friendly
ufetubus.

Vanquished Creatures
  A centaur (D:6)
  2 ogres
  A gnoll sergeant (D:5)
  A scorpion (D:5)
  A crimson imp (D:5)
  3 hounds (D:4)
  An orc wizard (D:6)
  A quasit (D:6)
  An orc priest (D:4)
  Jessica (D:2)
  An iguana (D:5)
  5 worker ants
  A hound skeleton (D:6)
  3 gnolls (D:5)
  5 adders
  2 river rats (Sewer)
  A shadow imp (D:5)
  2 worms
  6 leopard geckos
  5 orcs
  11 giant cockroaches
  5 goblins
  8 hobgoblins
  3 jackals (D:5)
  A quokka (D:5)
  6 ball pythons
  5 bats
  7 frilled lizards
  7 kobolds
  A leopard gecko skeleton (D:4)
  A leopard gecko zombie (D:6)
  A quokka skeleton (D:4)
  13 rats
113 creatures vanquished.

Vanquished Creatures (collateral kills)
  An ice beast (D:6)
  A sky beast (D:5)
  A phantom (D:5)
  2 wights (D:6)
  An iguana (D:4)
  A worker ant (D:4)
  3 adders (D:4)
  A gnoll (D:5)
  2 orcs
  A jackal (D:5)
  A bat (D:3)
  A leopard gecko zombie (D:6)
16 creatures vanquished.

Grand Total: 129 creatures vanquished

Notes
Turn   | Place    | Note
-------+----------+-------------------------------------------
     0 | Abyss:1  | Ivan the Demonspawn Abyssal Knight began the quest for the
                  | Orb.
     0 | Abyss:1  | Reached XP level 1. HP: 18/18 MP: 2/2
    12 | D:1      | Escaped the Abyss
   184 | D:1      | Gained mutation: You possess an exceptional clarity of
                  | mind. [potion of mutation]
   184 | D:1      | Gained mutation: You are resistant to hostile enchantments.
                  | (MR+) [potion of mutation]
   184 | D:1      | Gained mutation: Your flesh is cold resistant. (rC+)
                  | [potion of mutation]
   184 | D:1      | Gained mutation: You are robust. (+10% HP) [potion of
                  | mutation]
   695 | D:1      | Gained mutation: You have a pair of small horns on your
                  | head. [demonic ancestry]
   695 | D:1      | Reached XP level 2. HP: 25/26 MP: 3/3
   897 | D:1      | Reached ** piety under Lugonu
  1152 | D:2      | Found a sacrificial altar of Ru.
  1152 | D:2      | Found an iron altar of Okawaru.
  1152 | D:2      | Found a stormy altar of Qazlal.
  1237 | D:2      | Gained mutation: You are partially covered in yellow
                  | scales. (AC +2) [demonic ancestry]
  1237 | D:2      | Reached XP level 3. HP: 21/31 MP: 4/4
  1313 | D:2      | Reached skill level 1 in Dodging
  1630 | D:2      | Noticed Jessica
  1642 | D:2      | Killed Jessica
  1642 | D:2      | Gained mutation: You have a pair of horns on your head.
                  | [demonic ancestry]
  1642 | D:2      | Reached XP level 4. HP: 39/39 MP: 5/5
  1867 | D:3      | Noticed an ogre
  1881 | D:3      | Killed an ogre
  1881 | D:3      | Gained mutation: A weak demonic guardian rushes to your
                  | aid. [demonic ancestry]
  1881 | D:3      | Reached XP level 5. HP: 16/46 MP: 6/6
  1956 | D:3      | Noticed an ice beast
  1960 | D:3      | Reached *** piety under Lugonu
  2015 | D:4      | Reached XP level 6. HP: 15/52 MP: 7/7
  2028 | D:4      | Found a glowing drain.
  2132 | Sewer    | Entered a sewer
  3073 | D:4      | Found a sparkling altar of Nemelex Xobeh.
  3205 | D:4      | Reached XP level 7. HP: 59/60 MP: 8/8
  3353 | D:4      | Reached **** piety under Lugonu
  3402 | D:4      | Found Loseq's Gadget Emporium.
  3541 | D:5      | Entered Level 5 of the Dungeon
  3608 | D:5      | Reached skill level 5 in Fighting
  4214 | D:5      | Reached skill level 5 in Maces & Flails
  4362 | D:5      | Found a deep blue altar of Sif Muna.
  4739 | D:6      | Reached XP level 8. HP: 69/69 MP: 8/10
  4894 | D:6      | Slain by a wight

Levels and vault maps discovered:
D:1:      kennysheep_arrival_forest, layout_basic
D:2:      layout_loops_ring, chequers_temple_overflow_statue_of_worship,
          uniq_jessica
D:3:      layout_loops_ring, minivault_5, nemelex_lonely_heart_becter
D:4:      kennysheep_six_static_rooms, layout_basic,
          nemelex_xobeh_ov_fountains_minmay, serial_shops, kennysheep_mini_moat,
          gup_sewer_entry_glass
D:5:      layout_cave_pods, led_sif_pool, first_ration
D:6:      layout_loops_cross, minivault_14
Abyss:1
Sewer:    sewer_co_cracked_pipes

Skill      XL: |  1  2  3  4  5  6  7  8 |
---------------+-------------------------+-----
Maces & Flails | 2 3 4 5 |  5.5
Armour         | 2 3 4 |  4.6
Dodging        | 1 2 3 |  3.5
Fighting       | 4 5 |  5.7
Invocations    | 3 |  3.1
Stealth        | |  0.2

Action                   |  1- 3 |  4- 6 |  7- 9 || total
-------------------------+-------+-------+-------++-------
Melee: Mace              |   122 |   168 |   153 ||   443
       Headbutt          |     6 |    21 |    25 ||    52
  Use: Potion            |     1 |     3 |     1 ||     5
       Scroll            |       |     4 |       ||     4
 Stab: Sleeping          |       |     1 |       ||     1
       Distracted        |       |       |     1 ||     1
  Eat: Chunk             |     2 |     5 |     5 ||    12
Armor: Leather armour    |    28 |       |       ||    28
       Ring mail         |    44 |    85 |    90 ||   219
Dodge: Dodged            |    77 |   145 |   115 ||   337

Table legend:
 A = Non-vault XP
 B = Vault XP
 C = Vault XP percentage of total XP
 D = Non-vault monster count
 E = Vault monster count
 F = Vault count percentage of total count
                 A         B        C        D         E       F
            +---------+---------+-------+---------+---------+-------
      Total |    1615 |     138 |   7.9 |      98 |      31 |  24.0
            +---------+---------+-------+---------+---------+-------
        D:1 |      33 |       0 |   0.0 |      19 |       0 |   0.0
        D:2 |      63 |      37 |  37.0 |      22 |       1 |   4.3
        D:3 |     143 |       0 |   0.0 |       7 |       0 |   0.0
        D:4 |     437 |      57 |  11.5 |      19 |      10 |  34.5
        D:5 |     569 |       0 |   0.0 |      20 |       0 |   0.0
        D:6 |     370 |       0 |   0.0 |      11 |       0 |   0.0
      Sewer |       0 |      44 | 100.0 |       0 |      20 | 100.0
            +---------+---------+-------+---------+---------+-------
